 Dungeon Crawl Stone Soup version 0.29.1-15-g9cfb28693d (webtiles) character file.

Game seed: 2617946750349654334

184 Arctor the Slasher (level 5, -7/41 HPs)
             Began as a Demonspawn Gladiator on Feb 25, 2023.
             Mangled by a yak (14 damage)
             ... on level 3 of the Dungeon.
             The game lasted 00:02:58 (3526 turns).

Arctor the Slasher (Demonspawn Gladiator)           Turns: 3526, Time: 00:02:59

Health: -7/41      AC:  3    Str: 15    XL:     5   Next: 36%
Magic:  5/5        EV: 12    Int:  9    God:
Gold:   193        SH:  3    Dex: 16    Spells: 4/4 levels left

rFire   . . .      SeeInvis .   a - +0 long sword
rCold   . . .      Faith    .   p - +0 buckler
rNeg    . . .      Spirit   .   b - +0 leather armour
rPois   .          Reflect  .   (helmet restricted)
rElec   .          Harm     .   (no cloak)
rCorr   .          Rampage  .   (no gloves)
Will    .....                   (no boots)
Stlth   +.........              (no amulet)
HPRegen 0.00/turn               (no ring)
MPRegen 0.18/turn               (no ring)

@: inhibited regen, invisible (expiring)
A: horns 2, magic regeneration, inhibited regeneration
a: no special abilities


You were on level 3 of the Dungeon.
You visited 1 branch of the dungeon, and saw 4 of its levels.

You collected 193 gold pieces.

Inventory:

Hand Weapons
 a - a +0 long sword (weapon)
Missiles
 d - 3 throwing nets (quivered)
 e - 5 javelins
 v - 2 boomerangs
Armour
 b - a +0 leather armour (worn)
 c - a +0 helmet
 g - a +0 helmet
 p - a +0 buckler (worn)
Scrolls
 i - 4 scrolls of identify {unknown}
 j - a scroll of poison
 r - a scroll of vulnerability {unknown}
 s - a scroll of butterflies {unknown}
Potions
 o - a potion of flight {unknown}
 q - 2 potions of ambrosia {unknown}
 t - a potion of curing {unknown}
 u - a potion of magic {unknown}


   Skills:
 + Level 3.2 Fighting
 + Level 3.6 Long Blades
 + Level 2.9 Throwing
 + Level 3.6 Dodging


You had 4 spell levels left.
You didn't know any spells.
Your spell library contained the following spells:

 Spells                   Type           Power      Damage    Failure   Level
 Shock                    Conj/Air       0%         1d3       56%         1
 Swiftness                Air            0%         N/A       91%         3
 Airstrike                Air            0%         2d(0-16)  100%        4


Dungeon Overview and Level Annotations

Branches:
Dungeon (4/15)
 Temple: D:4-7

Altars:


Innate Abilities, Weirdness & Mutations

You have a pair of horns on your head.
You regenerate magic rapidly.
You do not regenerate when monsters are visible.


Message History

It was a scroll of fear.
There is a stone staircase leading up here.
You climb upwards.
There is a stone staircase leading down here.
You start resting.
You feel a little less mighty now.
You start resting.
HP restored.
You start waiting.
Done waiting.
You climb downwards.
There is a stone staircase leading up here.
Done exploring.
Done exploring.
Done exploring.
No target in view!
(D) Dungeon
Where to? (Enter - D:4, ? - help)
What level of the Dungeon? (default 1, ? - help)
The yak bellows!
You don't know any spells.
Sorry, you're not good enough to have a special ability.
Okay, then.
Sorry, you're not good enough to have a special ability.
It was a potion of mutation.
You feel extremely strange.
Your regeneration stops near monsters.
You feel weaker.
You feel stronger. The yak gores you!
It was a potion of invisibility.
You fade into invisibility!
The yak gores you!
Okay, then.
You flicker for a moment.
The air fills with toxic fumes!
As you read the scroll labelled RASSETHROOMM, it crumbles to dust.
It was a scroll of poison.
The yak gores you!
* * * LOW HITPOINT WARNING * * *
As you read the scroll labelled HAJEDI TUSHO, it crumbles to dust.
It is a scroll of amnesia.
You feel forgetful for a moment. The yak gores you!
You die...

#.....# ###..##....###...
#.....# ##.##....# ###.
#.....# #.##....# #.
#.....# #.##....# ##
#...†.######.......#
#........§##....#.##
#.....###§##.#§##.#
#.....###§#§§§§§..#
#.....#§@§§§§#..#########
#######Y#§#§###..........
#§#§#........######
######§#§§........#
#....§§.##§#......#
####.##.§§.##§§......#
#..#..#§##..(.##.....#
##..#..#§#..#.###.....#
#...##.#.#..#.#
#.....######


You could see a yak (unable to see you).

Vanquished Creatures
  Natasha (thrice) (D:3)
  4 adders
  A worm (D:2)
  A dart slug (D:1)
  9 bats
  3 endoplasms
  5 giant cockroaches
  5 goblins
  4 hobgoblins
  8 jackals
  4 quokkas
  4 ball pythons
  3 frilled lizards
  2 kobolds (D:1)
  8 rats
64 creatures vanquished.

Notes
Turn   | Place    | Note
-------+----------+-------------------------------------------
     0 | D:1      | Arctor the Demonspawn Gladiator began the quest for the
                  | Orb.
     0 | D:1      | Reached XP level 1. HP: 16/16 MP: 1/1
   148 | D:1      | Gained mutation: You regenerate magic rapidly. [demonic
                  | ancestry]
   148 | D:1      | Reached XP level 2. HP: 13/22 MP: 2/2
   460 | D:1      | Found a faded altar of an unknown god.
   938 | D:1      | Reached XP level 3. HP: 26/28 MP: 3/3
  1713 | D:2      | Gained mutation: You have a pair of small horns on your
                  | head. [demonic ancestry]
  1713 | D:2      | Reached XP level 4. HP: 34/34 MP: 4/4
  2106 | D:3      | Identified the +10 quarterstaff "Ozocwucs" {flame, rC+ rN++
                  | Dex+4}
  2193 | D:3      | Noticed Natasha
  2202 | D:3      | Killed Natasha
  2391 | D:3      | Noticed Natasha
  2400 | D:3      | Killed Natasha
  2401 | D:3      | Gained mutation: You have a pair of horns on your head.
                  | [demonic ancestry]
  2401 | D:3      | Reached XP level 5. HP: 15/41 MP: 5/5
  2834 | D:3      | Noticed Natasha
  2841 | D:3      | Killed Natasha
  3074 | D:4      | Noticed a yak
  3075 | D:4      | Noticed a yak
  3076 | D:4      | Noticed a yak
  3089 | D:3      | HP: 1/41 [yak (6)]
  3508 | D:3      | Gained mutation: You do not regenerate when monsters are
                  | visible. [potion of mutation]
  3508 | D:3      | Gained mutation: You are weak. (Str -2) [potion of
                  | mutation]
  3508 | D:3      | Lost mutation: You are weak. (Str -2) [potion of mutation]
  3526 | D:3      | Mangled by a yak

Illustrated notes

Levels and vault maps discovered:
D:1:      tarquinn_simple_flora_water_e, layout_loops_cross,
          hellmonk_ecumenical_altar_blasted, st_stairs_8,
          grunt_decor_one_mirror, minmay_misc_feat_columns,
          minmay_misc_feat_chi, minmay_heptomino_w4
D:2:      layout_loops_cross
D:3:      layout_basic, uniq_natasha
D:4:      layout_basic, mainiacjoe_overflow_big_doors,
          hellmonk_ghost_happy_afterlife, serial_bayou, serial_bayou_pond_b,
          serial_bayou_ford_a, serial_bayou_crossing, serial_bayou_shore_a,
          serial_bayou_pond_e, serial_bayou_pond_d,
          minmay_misc_feat_secret_circle, kennysheep_generic_room_7

Skill      XL: |  1  2  3  4 |
---------------+-------------+-----
Throwing       | 2 |  2.9
Long Blades    | 3 |  3.6
Dodging        | 3 |  3.6
Fighting       | 3 |  3.2

Action                   |  1- 3 |  4- 6 || total
-------------------------+-------+-------++-------
Melee: Long sword        |   130 |    58 ||   188
       Punch             |     2 |       ||     2
       Headbutt          |       |    11 ||    11
  Use: Scroll            |       |     4 ||     4
       Potion            |       |     3 ||     3
Armor: Leather armour    |    48 |     7 ||    55
Dodge: Dodged            |   137 |    34 ||   171
Block: Buckler           |       |     6 ||     6
